 Dungeon Crawl Stone Soup version 0.20.0-8-g6b59dc7 (webtiles) character file.

3076 JarielCorvus the Thaumaturge (level 9, 0/45 HPs)
             Began as a Deep Elf Wizard on June 1, 2017.
             Slain by a killer bee (6 damage)
             ... on level 7 of the Dungeon.
             The game lasted 00:32:26 (7724 turns).

JarielCorvus the Thaumaturge (Deep Elf Wizard)      Turns: 7724, Time: 00:32:26

Health: 0/45       AC:  9    Str:  6    XL:     9   Next: 58%
Magic:  0/25       EV: 13    Int: 27    God:
Gold:   337        SH:  0    Dex: 13    Spells: 17/28 levels left

rFire    . . .     SeeInvis +   k - +3 short sword (elec)
rCold    . . .     Gourm    .   (no shield)
rNeg     . . .     Faith    .   a - +1 robe
rPois    .         Spirit   .   i - +1 hat
rElec    .         Reflect  .   (no cloak)
rCorr    .         Harm     .   (no gloves)
MR       .....     Rnd*Rage +   t - +1 pair of boots
Stlth    ++........             (no amulet)
Regen    0.0/turn               E - ring of see invisible
MPRegen  0.2/turn               x - +3 ring of protection

@: no status effects
A: antennae 1, berserk 1, inhibited regeneration, strong 1
a: no special abilities


You were on level 7 of the Dungeon.
You were not hungry.

You visited 2 branches of the dungeon, and saw 8 of its levels.

You collected 337 gold pieces.

Inventory:

Hand Weapons
 g - a +1 spear of piercing
 k - a +3 short sword of electrocution (weapon)
Armour
 a - a +1 robe (worn)
 b - a +0 hat
 i - a +1 hat (worn)
 t - a +1 pair of boots (worn)
 G - a +0 pair of gloves
Jewellery
 p - an uncursed ring of ice
 s - an uncursed ring of resist corrosion {unknown}
 x - a +3 ring of protection (right hand)
 z - an uncursed ring of protection from fire
 C - an uncursed ring of ice
 E - a ring of see invisible (left hand)
Wands
 j - a wand of polymorph (8/24)
 n - a wand of polymorph (7/24)
 u - a wand of confusion (29/48)
 w - a wand of random effects (12/48)
 y - a wand of paralysis (16/24)
 F - a wand of iceblast (12/15)
 J - a wand of iceblast (7/15)
Scrolls
 e - 5 scrolls of remove curse
 l - a scroll of magic mapping
 o - a scroll of enchant armour
 q - 4 scrolls of teleportation
 A - 2 scrolls of enchant weapon
 D - a scroll of fog
 H - a scroll of identify
 I - a scroll of noise {unknown}
Potions
 r - 2 potions of mutation
Books
 c - a book of Minor Magic

   Spells                             Type                      Level
   a - Magic Dart                     Conjuration                  1
   b - Blink                          Translocation                2
   c - Call Imp                       Summoning                    2
   d - Slow                           Hexes                        2
   e - Conjure Flame                  Conjuration/Fire             3
   f - Mephitic Cloud                 Conjuration/Poison/Air       3
 K - a book of Callings

   Spells                             Type                      Level
   a - Summon Small Mammal            Summoning                    1
   b - Call Imp                       Summoning                    2
   c - Call Canine Familiar           Summoning                    3
   d - Summon Guardian Golem          Hexes/Summoning              3
   e - Summon Lightning Spire         Summoning/Air                4
   f - Summon Ice Beast               Ice/Summoning                4
Comestibles
 d - 4 bread rations
 f - 4 fruits
 h - 2 meat rations
 m - a royal jelly


   Skills:
 - Level 2.4 Dodging
 - Level 2.4 Stealth
 - Level 10.1 Spellcasting
 * Level 9.6 Conjurations
 - Level 1.1 Summonings
 - Level 1.1 Translocations
 + Level 5.5 Fire Magic
 + Level 5.1 Air Magic


You had 17 spell levels left.
You knew the following spells:

 Your Spells              Type           Power        Failure   Level  Hunger
a - Magic Dart            Conj           ####         1%          1    None
b - Blink                 Tloc           N/A          4%          2    None
c - Call Imp              Summ           ###.....     4%          2    None
d - Conjure Flame         Conj/Fire      ######..     1%          3    None
e - Mephitic Cloud        Conj/Pois/Air  #####...     1%          3    None


Dungeon Overview and Level Annotations

Branches:
Dungeon (7/15)             Temple (1/1) D:5

Altars:
Ashenzari
Cheibriados
Dithmenos
Elyvilon
Fedhas
Gozag
Hepliaklqana
Kikubaaqudgha
Makhleb
Nemelex Xobeh
Okawaru
Qazlal
Ru
Sif Muna
Trog
Uskayaw
Xom
Yredelemnul
Zin

Annotations:
D:6 Darkell's ghost, novice DEFE
D:7 1 runed door


Innate Abilities, Weirdness & Mutations

You have a pair of small antennae on your head.
You tend to lose your temper in combat.
You do not regenerate when monsters are visible.
Your muscles are strong. (Str +2)


Message History

Your shadow imp closely misses the killer bee.
The killer bee stings your shadow imp.
The killer bee barely misses your shadow imp.
The killer bee stings your shadow imp!
Your shadow imp dies!
As you read the scroll of fog, it crumbles to dust.
The scroll dissolves into smoke.
You barely miss the killer bee.
The killer bee is heavily wounded.
The killer bee barely misses you. The killer bee closely misses you.
You miss the killer bee.
The killer bee is heavily wounded.
The killer bee barely misses you. The killer bee stings you!
* * * LOW HITPOINT WARNING * * *
The killer bee closely misses you.
Casting: Call Imp
Confirm with . or Enter, or press ? or * to list all spells.
A beastly little devil appears in a puff of frigid air.
The killer bee stings you.
You die...

#.#.# #..# #.#.# #.## #.#§# #.#
#.#.####### ###.# # #.#....†..#
#...# . ####.#y#####.####.#.# #.
.......# #..y.y§§.## ..
####.#.##########§##.##########..
####.#....y§§§§y@5##.............
.....############§##.########.##.
.###.# #§#### #.#
.############################.###
........................)...††...
#############################.###
###


You could see a killer bee and a friendly white imp.

Vanquished Creatures
  Grinder (D:3)
  A hippogriff (D:7)
  Eustachio (D:5)
  A hungry ghost (D:7)
  A water moccasin (D:7)
  A sky beast (D:7)
  A black bear (D:7)
  2 orc warriors (D:6)
  A centaur (D:6)
  3 bullfrogs
  3 scorpions
  5 killer bees (D:7)
  A centaur zombie (D:5)
  2 hounds (D:5)
  3 crimson imps
  A jelly (D:5)
  2 orc priests (D:7)
  11 orc wizards
  A bullfrog skeleton (D:6)
  Jessica (D:2)
  2 centaur skeletons
  4 iguanas
  Ijyb (D:5)
  5 worker ants
  A hound skeleton (D:7)
  Robin (D:3)
  A worker ant zombie (D:7)
  7 gnolls
  A howler monkey skeleton (D:4)
  13 adders
  3 river rats (D:5)
  An ooze (D:2)
  An adder zombie (D:5)
  An adder skeleton (D:6)
  12 worms
  A dart slug (D:4)
  6 leopard geckos
  32 orcs
  7 bats
  8 giant cockroaches
  13 goblins
  12 hobgoblins
  6 jackals
  5 quokkas
  3 ball pythons
  7 frilled lizards
  A jackal skeleton (D:5)
  8 kobolds
  5 rats
211 creatures vanquished.

Notes
Turn   | Place    | Note
-------+----------+-------------------------------------------
     0 | D:1      | JarielCorvus the Deep Elf Wizard began the quest for the Orb.
     0 | D:1      | Reached XP level 1. HP: 10/10 MP: 7/7
   413 | D:1      | Reached XP level 2. HP: 15/15 MP: 2/9
   417 | D:1      | Learned a level 2 spell: Blink
   420 | D:1      | Learned a level 2 spell: Call Imp
   527 | D:1      | Reached skill level 5 in Spellcasting
   779 | D:2      | Noticed Jessica
   782 | D:2      | Killed Jessica
   782 | D:2      | Reached XP level 3. HP: 19/19 MP: 8/12
   892 | D:2      | Reached skill level 6 in Spellcasting
  1220 | D:2      | Reached XP level 4. HP: 24/24 MP: 5/14
  1225 | D:2      | Learned a level 3 spell: Conjure Flame
  1229 | D:2      | Learned a level 3 spell: Mephitic Cloud
  1724 | D:2      | Gained mutation: You tend to lose your temper in combat. [potion of mutation]
  1724 | D:2      | Gained mutation: Your muscles are strong. (Str +2) [potion of mutation]
  1724 | D:2      | Gained mutation: You do not regenerate when monsters are visible. [potion of mutation]
  1724 | D:2      | Gained mutation: You have a pair of small antennae on your head. [potion of mutation]
  1945 | D:3      | Noticed Robin
  1951 | D:3      | Killed Robin
  1951 | D:3      | Reached XP level 5. HP: 26/28 MP: 10/16
  2034 | D:3      | Reached skill level 7 in Spellcasting
  2194 | D:3      | Noticed Grinder
  2219 | D:3      | Killed Grinder
  2219 | D:3      | Reached skill level 8 in Spellcasting
  2219 | D:3      | Reached XP level 6. HP: 19/32 MP: 8/19
  2837 | D:4      | Reached skill level 9 in Spellcasting
  2975 | D:4      | Reached XP level 7. HP: 27/36 MP: 12/21
  3337 | D:4      | Found an iron altar of Okawaru.
  3699 | D:5      | Entered Level 5 of the Dungeon
  3809 | D:5      | Reached skill level 10 in Spellcasting
  3907 | D:5      | Reached skill level 5 in Conjurations
  4012 | D:5      | Found a staircase to the Ecumenical Temple.
  4025 | D:5      | Reached skill level 1 in Air Magic
  4038 | Temple   | Entered the Ecumenical Temple
  4183 | D:5      | Noticed Eustachio
  4198 | D:5      | Killed Eustachio
  4198 | D:5      | Reached skill level 1 in Fire Magic
  4198 | D:5      | Reached XP level 8. HP: 38/41 MP: 9/24
  4210 | D:5      | HP: 2/41 [orc/hand axe (8)]
  4384 | D:5      | Noticed Ijyb
  4399 | D:5      | Killed Ijyb
  5164 | D:6      | Noticed Darkell's ghost (novice DEFE)
  6123 | D:6      | Noticed a moth of wrath
  6126 | D:6      | Found a bloodstained altar of Trog.
  6365 | D:7      | Reached XP level 9. HP: 45/45 MP: 8/25
  6645 | D:7      | Found a runed door.
  6990 | D:7      | HP: 2/45 [poisoned by a water moccasin]
  7446 | D:7      | Reached skill level 5 in Fire Magic
  7611 | D:7      | Found a shadowy altar of Dithmenos.
  7648 | D:7      | Reached skill level 5 in Air Magic
  7712 | D:7      | HP: 2/45 [killer bee (4)]
  7724 | D:7      | Slain by a killer bee

Skill      XL: |  1  2  3  4  5  6  7  8  9 |
---------------+----------------------------+-----
Spellcasting   | 5 6 8 9 10 | 10.1
Conjurations   | 2 3 4 5 8 9 |  9.6
Air Magic      | 1 3 5 |  5.1
Fire Magic     | 1 4 5 |  5.5
Dodging        | |  2.4
Stealth        | |  2.4
Summonings     | |  1.1
Translocations | |  1.1

Action                   |  1- 3 |  4- 6 |  7- 9 || total
-------------------------+-------+-------+-------++-------
Melee: Short sword       |    14 |    38 |    49 ||   101
 Cast: Magic Dart        |    66 |   119 |   492 ||   677
       Mephitic Cloud    |       |     4 |    17 ||    21
       Call Imp          |       |     4 |     2 ||     6
       Conjure Flame     |       |       |     8 ||     8
       Blink             |       |       |     4 ||     4
  Use: Scroll            |     6 |     7 |     7 ||    20
       Potion            |     2 |     3 |     7 ||    12
 Stab: Confused          |       |       |     1 ||     1
  Eat: Bread ration      |     1 |     1 |     2 ||     4
       Chunk             |       |       |     5 ||     5
Armor: Robe              |     1 |    10 |    43 ||    54
Dodge: Dodged            |    15 |    42 |   145 ||   202
